AoeStats
← RedPhosphoru

Arabia

509795497Analyzed
1v1 RM · 4d ago on Sep 28, 2026· 17m 43s· 2 players
Game mode
Random Map
Map size
Tiny (2 player)
Population
200
Speed
Normal
Resources
Standard
Victory
Conquest
Starting age
Dark Age
Ending age
Imperial Age
RankedLock teamsTeams togetherTeam positionsShared explorationLock speedFull tech treeHidden civsTurbo modeCheats
Victory
Defeat
🇺🇸 Saxons · United States
2292
+5
🇦🇷 Mongols · Argentina
2015
-5
Dexter
5:23 Loom
7:46 Feudal Age
8:37 Double-Bit Axe
RedPhosphoru
7:35 Loom
9:58 Feudal Age
14:04 Castle Age
14:03 Double-Bit Axe
17:09 Scale Mail Armor
Connection lost

Rejoining the realm…

Still unreachable

The connection could not be restored.

Session expired

The server has moved on; the page needs a fresh start.